Boston Bruins vs San Jose Sharks
Created - Thursday, August 29, 2024 at 09:14
Goals
|
| Boston Bruins |
1 |
0 |
1 |
0 |
2 |
2 |
| San Jose Sharks |
0 |
0 |
2 |
0 |
3 |
3 |
|
Shots
|
| Boston Bruins |
8 |
8 |
15 |
1 |
10 |
32 |
| San Jose Sharks |
10 |
9 |
17 |
1 |
10 |
37 |
|
1st period
1. Boston Bruins , Morgan Geekie 3 (John-Jason Peterka 2) at 0:47
Penalties :
Michael Kesselring (BOS) for Roughing (Minor) at 11:05, Michael Rasmussen (BOS) for Tripping (Minor) at 15:37
2nd period
No Goal
Penalties :
John-Jason Peterka (BOS) for Goalie Interference (Minor) at 4:17, Joel Edmundson (SJS) for Interference (Minor) at 6:12, Tyson Barrie (BOS) for Interference (Minor) at 9:18, Ivan Barbashev (SJS) for Tripping (Minor) at 13:58, Matt Grzelcyk (BOS) for Holding (Minor) at 16:21
3rd period
2. San Jose Sharks , Rickard Rakell 6 (Dmitry Orlov 2, Ivan Barbashev 4) at 0:22 (PP)
3. Boston Bruins , Alex Newhook 5 (Tyson Barrie 5, Anthony Beauvillier 4) at 2:58
4. San Jose Sharks , Matthew Knies 5 (Dylan Strome 11) at 11:53
Penalties :
Tyson Barrie (BOS) for Interference (Minor) at 0:13, Christopher Tanev (SJS) for Tripping (Minor) at 5:19, Ryan Strome (BOS) for Hooking (Minor) at 11:56, Cam York (BOS) for Roughing (Minor) at 14:38, Michael Kesselring (BOS) for Interference (Minor) at 17:41
Overtime #1
No Goal
Penalties :
No Penalty
Shootout
Boston Bruins, Alex Newhook - Stopped by Logan Thompson
San Jose Sharks, Adam Henrique - Stopped by Pyotr Kochetkov
Boston Bruins, Ryan Strome - Stopped by Logan Thompson
San Jose Sharks, Dylan Strome - Goal!
Boston Bruins, Joel Farabee - Goal!
San Jose Sharks, Rickard Rakell - Stopped by Pyotr Kochetkov
Boston Bruins, Anders Lee - Stopped by Logan Thompson
San Jose Sharks, Ivan Barbashev - Shot Misses the Net
Boston Bruins, Michael Rasmussen - Shot Misses the Net
San Jose Sharks, Eetu Luostarinen - Shot Misses the Net
Boston Bruins, Aatu Raty - Stopped by Logan Thompson
San Jose Sharks, Frederick Gaudreau - Stopped by Pyotr Kochetkov
Boston Bruins, Anthony Beauvillier - Shot Misses the Net
San Jose Sharks, Christian Dvorak - Stopped by Pyotr Kochetkov
Boston Bruins, Tyson Barrie - Goal!
San Jose Sharks, Tobias Bjornfot - Goal!
Boston Bruins, Jack Studnicka - Stopped by Logan Thompson
San Jose Sharks, Mike Hoffman - Stopped by Pyotr Kochetkov
Boston Bruins, Morgan Geekie - Stopped by Logan Thompson
San Jose Sharks, Christopher Tanev - Goal!
Penalties :
No Penalty
Goalie Stats
Pyotr Kochetkov (BOS), 35 saves from 37 shots - (0.946), OTL, 4-1-2, 65:00 minutes
Logan Thompson (SJS), 30 saves from 32 shots - (0.938), W, 7-2-1, 65:00 minutes
Players Stats for Boston Bruins
Player Name G A P +/- PIM S H SB GA TA FO MP PP MP PK MP
------------------------------------------------------------------------------------
Aatu Raty 0 0 0 0 0 0 0 0 0 0 0/0 1:57 0:06 0:00
Alex Newhook 1 0 1 1 0 5 0 0 0 0 19/34 27:48 3:02 7:41
Alex Vlasic 0 0 0 0 0 2 1 1 0 1 0/0 27:07 3:13 8:16
Anders Lee 0 0 0 0 0 4 3 0 1 0 1/4 22:23 2:54 7:42
Angus Crookshank 0 0 0 1 0 0 0 0 1 0 0/1 5:16 0:00 0:00
Anthony Beauvillier 0 1 1 1 0 0 0 0 0 0 0/0 11:01 0:00 0:11
Cam York 0 0 0 0 2 0 1 1 0 0 0/0 26:02 3:13 7:15
Drew O'Connor 0 0 0 -1 0 3 0 0 0 0 0/0 14:02 2:51 0:00
Jack Studnicka 0 0 0 1 0 0 1 1 0 0 0/2 5:16 0:00 0:00
Joel Farabee 0 0 0 -1 0 8 0 1 1 1 6/10 23:48 2:51 7:42
John-Jason Peterka 0 1 1 1 2 2 1 0 0 0 0/0 12:16 0:02 1:09
Matt Grzelcyk 0 0 0 0 2 0 0 1 0 0 0/0 12:40 0:00 0:16
Michael Kesselring 0 0 0 0 4 0 1 0 0 0 0/0 14:49 0:00 1:45
Michael Rasmussen 0 0 0 -1 2 0 1 1 0 0 3/13 15:07 2:51 0:49
Morgan Geekie 1 0 1 1 0 1 6 1 0 0 0/8 11:41 0:00 0:00
Nick Perbix 0 0 0 1 0 1 3 1 0 1 0/0 25:35 2:40 7:41
Ryan Strome 0 0 0 0 2 5 1 1 0 1 0/1 22:23 3:02 6:40
Tyson Barrie 0 1 1 1 4 1 1 0 0 0 0/0 24:39 2:40 6:41
Players Stats for San Jose Sharks
Player Name G A P +/- PIM S H SB GA TA FO MP PP MP PK MP
------------------------------------------------------------------------------------
Adam Henrique 0 0 0 0 0 2 1 0 1 0 14/30 24:44 8:22 3:02
Christian Dvorak 0 0 0 -2 0 3 0 0 0 0 6/7 10:05 0:00 0:18
Christopher Tanev 0 0 0 -1 2 1 2 4 0 0 0/0 27:29 7:50 1:56
Dmitry Orlov 0 1 1 0 0 5 2 1 0 1 0/0 25:27 8:07 3:08
Dylan Strome 0 1 1 1 0 4 1 3 0 0 16/20 23:25 7:35 2:49
Eetu Luostarinen 0 0 0 1 0 2 1 1 0 0 1/2 17:56 7:28 0:00
Frederick Gaudreau 0 0 0 0 0 0 0 0 0 0 2/3 7:04 0:00 0:00
Ilya Mikheyev 0 0 0 0 0 1 1 0 1 0 1/1 8:49 0:00 0:51
Ivan Barbashev 0 1 1 0 2 4 3 1 0 0 0/0 23:13 8:22 1:42
Joel Edmundson 0 0 0 0 2 1 2 0 0 1 0/0 20:21 8:06 0:00
Joseph Veleno 0 0 0 0 0 0 2 0 1 0 1/1 8:44 0:17 0:29
Luke Kunin 0 0 0 -2 0 1 0 0 0 0 1/2 15:34 7:25 0:00
Matthew Knies 1 0 1 1 0 3 1 0 0 1 0/0 11:19 0:00 0:00
Mike Hoffman 0 0 0 -2 0 1 1 0 0 0 0/0 8:34 0:00 0:00
Rickard Rakell 1 0 1 0 0 4 0 1 1 0 2/7 23:59 8:22 2:35
Sean Durzi 0 0 0 -1 0 4 2 1 0 0 0/0 28:29 7:50 3:04
Simon Nemec 0 0 0 0 0 1 1 1 0 0 0/0 17:02 0:00 3:15
Tobias Bjornfot 0 0 0 0 0 0 0 0 0 0 0/0 11:46 0:00 0:23
3 Stars
1 - Morgan Geekie (BOS)
2 - Pyotr Kochetkov (BOS)
3 - Matthew Knies (SJS)
Power Play
Boston Bruins - 0 on 3 Attempt(s) - 0.00%
San Jose Sharks - 1 on 9 Attempt(s) - 11.11%
Penalty Kill
Boston Bruins - 8 on 9 Attempt(s) - 88.89%
- Score 0 goal in Penalty Kill
San Jose Sharks - 3 on 3 Attempt(s) - 100.00%
- Score 0 goal in Penalty Kill
Team Stat
Boston Bruins - Hits : 20 - Faceoff Wins : 29 - Blocked Shots : 9 - Penalty Minutes : 18
San Jose Sharks - Hits : 20 - Faceoff Wins : 44 - Blocked Shots : 13 - Penalty Minutes : 6
Official
Referees : Cody Beach and Frederick L'Ecuyer
Linesman : Derek Nansen and Kilian McNamara
Game Notes
No Game Note
Finance
Level 1 -- Attendance: 4550 (75.83%) -- Ticket Income $441,350
Level 2 -- Attendance: 5000 (100.00%) -- Ticket Income $285,000
Level 3 -- Attendance: 2925 (97.50%) -- Ticket Income $96,525
Level 4 -- Attendance: 4707 (94.14%) -- Ticket Income $103,554
Luxury Box -- Attendance: 886 (88.60%) -- Ticket Income $170,998
Game was played at the SAP Center at San Jose.
Total Attendance: 18068 (90.34%)
Total Ticket Income: $1,097,427
Other Income: $384,099
Total Income: $1,481,526
Boston Bruins
5 vs 5 Forward
Center Left Wing Right Wing Time % Phy DF OF
1 Alex Newhook Anders Lee Ryan Strome 30 1 2 2
2 Michael Rasmussen Drew O'Connor Joel Farabee 30 1 2 2
3 Morgan Geekie Anthony Beauvillier John-Jason Peterka 25 1 2 2
4 Jack Studnicka Angus Crookshank Alex Newhook 15 1 2 2
5 vs 5 Defense
Defense Defense Time % Phy DF OF
1 Cam York Alex Vlasic 35 1 2 2
2 Tyson Barrie Nick Perbix 35 1 2 2
3 Matt Grzelcyk Michael Kesselring 30 1 2 2
4 Cam York Alex Vlasic 0 1 2 2
PowerPlay Forward
Center Left Wing Right Wing Time % Phy DF OF
1 Alex Newhook Anders Lee Ryan Strome 50 1 2 2
2 Michael Rasmussen Drew O'Connor Joel Farabee 50 1 2 2
PowerPlay Defense
Defense Defense Time % Phy DF OF
1 Cam York Alex Vlasic 50 1 2 2
2 Tyson Barrie Nick Perbix 50 1 2 2
Penalty Kill 4 Players Forward
Center Wing Time % Phy DF OF
1 Alex Newhook Ryan Strome 50 1 2 2
2 Joel Farabee Anders Lee 50 1 2 2
Penalty Kill 4 Players Defense
Defense Defense Time % Phy DF OF
1 Cam York Alex Vlasic 50 1 2 2
2 Tyson Barrie Nick Perbix 50 1 2 2
Penalty Kill - 3 Players Forward
Forward Time % Phy DF OF
1 Alex Newhook 50 1 2 2
2 Ryan Strome 50 1 2 2
Penalty Kill - 3 Players Defense
Defense Defense Time % Phy DF OF
1 Cam York Alex Vlasic 50 1 2 2
2 Tyson Barrie Nick Perbix 50 1 2 2
4 vs 4 Forward
Center Wing Time % Phy DF OF
1 Alex Newhook Ryan Strome 50 1 2 2
2 Joel Farabee Anders Lee 50 1 2 2
4 vs 4 Defense
Defense Defense Time % Phy DF OF
1 Cam York Alex Vlasic 50 1 2 2
2 Tyson Barrie Nick Perbix 50 1 2 2
Last Minutes Offensive
Center Left Wing Right Wing Defense Defense
Alex Newhook Anders Lee Ryan Strome Cam York Alex Vlasic
Last Minutes Defensive
Center Left Wing Right Wing Defense Defense
Alex Newhook Anders Lee Ryan Strome Cam York Alex Vlasic
Goaltenders
Starting : Pyotr Kochetkov
Backup : Olivier Rodrigue
Extra Forwards
Normal : Aatu Raty, Morgan Geekie, John-Jason Peterka - PP : Aatu Raty, Morgan Geekie - PK : John-Jason Peterka
Extra Defensemen
Normal : Matt Grzelcyk, Michael Kesselring, Tyson Barrie - PP : Matt Grzelcyk - PK : Michael Kesselring, Tyson Barrie
Penalty Shots
Alex Newhook, Ryan Strome, Joel Farabee, Anders Lee, Michael Rasmussen
Scratches
Brandt Clarke (Healthy), Fabian Lysell (Healthy), Samuel Bolduc (Healthy), Jacob Moverare (Healthy), John Ludvig (Healthy)
San Jose Sharks
5 vs 5 Forward
Center Left Wing Right Wing Time % Phy DF OF
1 Adam Henrique Rickard Rakell Ivan Barbashev 30 1 2 2
2 Dylan Strome Eetu Luostarinen Matthew Knies 30 1 2 2
3 Christian Dvorak Mike Hoffman Luke Kunin 25 1 2 2
4 Frederick Gaudreau Joseph Veleno Ilya Mikheyev 15 1 2 2
5 vs 5 Defense
Defense Defense Time % Phy DF OF
1 Sean Durzi Christopher Tanev 30 1 2 2
2 Joel Edmundson Dmitry Orlov 30 1 2 2
3 Simon Nemec Tobias Bjornfot 25 1 2 2
4 Sean Durzi Christopher Tanev 15 1 2 2
PowerPlay Forward
Center Left Wing Right Wing Time % Phy DF OF
1 Adam Henrique Rickard Rakell Ivan Barbashev 50 1 2 2
2 Dylan Strome Eetu Luostarinen Luke Kunin 50 1 2 2
PowerPlay Defense
Defense Defense Time % Phy DF OF
1 Sean Durzi Christopher Tanev 50 1 2 2
2 Dmitry Orlov Joel Edmundson 50 1 2 2
Penalty Kill 4 Players Forward
Center Wing Time % Phy DF OF
1 Adam Henrique Dylan Strome 50 1 2 2
2 Rickard Rakell Ivan Barbashev 50 1 2 2
Penalty Kill 4 Players Defense
Defense Defense Time % Phy DF OF
1 Sean Durzi Christopher Tanev 50 1 2 2
2 Simon Nemec Dmitry Orlov 50 1 2 2
Penalty Kill - 3 Players Forward
Forward Time % Phy DF OF
1 Adam Henrique 50 1 2 2
2 Dylan Strome 50 1 2 2
Penalty Kill - 3 Players Defense
Defense Defense Time % Phy DF OF
1 Sean Durzi Christopher Tanev 50 1 2 2
2 Simon Nemec Tobias Bjornfot 50 1 2 2
4 vs 4 Forward
Center Wing Time % Phy DF OF
1 Adam Henrique Dylan Strome 50 1 2 2
2 Rickard Rakell Ivan Barbashev 50 1 2 2
4 vs 4 Defense
Defense Defense Time % Phy DF OF
1 Sean Durzi Christopher Tanev 50 1 2 2
2 Dmitry Orlov Simon Nemec 50 1 2 2
Last Minutes Offensive
Center Left Wing Right Wing Defense Defense
Adam Henrique Rickard Rakell Ivan Barbashev Sean Durzi Christopher Tanev
Last Minutes Defensive
Center Left Wing Right Wing Defense Defense
Adam Henrique Rickard Rakell Ivan Barbashev Sean Durzi Christopher Tanev
Goaltenders
Starting : Logan Thompson
Backup : Ilya Samsonov
Extra Forwards
Normal : Joseph Veleno, Christian Dvorak, Ilya Mikheyev - PP : Joseph Veleno, Christian Dvorak - PK : Ilya Mikheyev
Extra Defensemen
Normal : Dmitry Orlov, Simon Nemec, Sean Durzi - PP : Dmitry Orlov - PK : Simon Nemec, Sean Durzi
Penalty Shots
Adam Henrique, Dylan Strome, Rickard Rakell, Ivan Barbashev, Eetu Luostarinen
Scratches
Brett Howden (Healthy), Kailer Yamamoto (Healthy), Victor Olofsson (Healthy), Erik Cernak (Healthy), Sam Lafferty (Healthy)
% Time on Ice - Boston Bruins
Lines # - Real PCT - Wanted PCT - Time Play
Normal Forward
1 - 28% - 30% - 10:43
2 - 30% - 30% - 11:17
3 - 28% - 25% - 10:50
4 - 14% - 15% - 5:16
Normal Defense
1 - 35% - 35% - 13:23
2 - 34% - 35% - 12:48
3 - 31% - 30% - 11:55
4 - 0% - 0% - 0:00
PP Forward
1 - 52% - 50% - 3:02
2 - 48% - 50% - 2:51
PP Defense
1 - 55% - 50% - 3:13
2 - 45% - 50% - 2:40
PK Forward
1 - 52% - 50% - 8:15
2 - 48% - 50% - 7:42
PK Defense
1 - 52% - 50% - 8:16
2 - 48% - 50% - 7:41
PK3 Forward
1 - 0% - 50%
2 - 0% - 50%
PK3 Defense
1 - 0% - 50%
2 - 0% - 50%
44 Forward
1 - 57% - 50% - 2:52
2 - 43% - 50% - 2:12
44 Defense
1 - 52% - 50% - 2:38
2 - 48% - 50% - 2:26
Last Minute Offensive - 0:00
Last Minute Defensive - 0:00
Total
Forward - 65:00
Defense - 65:00
|
% Time on Ice - San Jose Sharks
Lines # - Real PCT - Wanted PCT - Time Play
Normal Forward
1 - 30% - 30% - 11:17
2 - 29% - 30% - 11:11
3 - 22% - 25% - 8:34
4 - 19% - 15% - 7:04
Normal Defense
1 - 30% - 30% - 11:36
2 - 31% - 30% - 11:58
3 - 28% - 25% - 10:43
4 - 10% - 15% - 3:49
PP Forward
1 - 52% - 50% - 8:22
2 - 48% - 50% - 7:35
PP Defense
1 - 49% - 50% - 7:50
2 - 51% - 50% - 8:07
PK Forward
1 - 48% - 50% - 2:49
2 - 52% - 50% - 3:04
PK Defense
1 - 56% - 50% - 3:18
2 - 44% - 50% - 2:35
PK3 Forward
1 - 0% - 50%
2 - 0% - 50%
PK3 Defense
1 - 0% - 50%
2 - 0% - 50%
44 Forward
1 - 43% - 50% - 2:11
2 - 57% - 50% - 2:53
44 Defense
1 - 52% - 50% - 2:38
2 - 48% - 50% - 2:26
Last Minute Offensive - 0:00
Last Minute Defensive - 0:00
Total
Forward - 65:00
Defense - 65:00
|
Play-by-Play
1st period
0:01 of 1st period - Adam Henrique wins face-off versus Anders Lee in neutral zone.
0:47 of 1st period - Snap shot by John-Jason Peterka.
0:47 of 1st period - Deflect By Morgan Geekie.
0:47 of 1st period - Goal by Morgan Geekie - Boston Bruins : 1 - San Jose Sharks : 0.
0:48 of 1st period - Joseph Veleno wins face-off versus Jack Studnicka in neutral zone.
1:15 of 1st period - Christian Dvorak is hit by Michael Kesselring and loses puck.
1:52 of 1st period - Wrist shot by Joel Farabee.
1:52 of 1st period - Stopped by Logan Thompson with a rebound.
2:14 of 1st period - Snap shot by Rickard Rakell.
2:14 of 1st period - Shot Misses the Net.
2:16 of 1st period - Wrist shot by Adam Henrique.
2:16 of 1st period - Stopped by Pyotr Kochetkov with a rebound.
2:26 of 1st period - Snap shot by Ryan Strome.
2:26 of 1st period - Shot Blocked by Christopher Tanev.
2:52 of 1st period - Slapshot by Luke Kunin.
2:52 of 1st period - Shot Misses the Net.
3:00 of 1st period - Sean Durzi is hit by Jack Studnicka and loses puck.
3:30 of 1st period - Slapshot by Adam Henrique.
3:30 of 1st period - Shot Blocked by Ryan Strome.
3:32 of 1st period - Wrist shot by Adam Henrique.
3:32 of 1st period - Shot Misses the Net.
3:34 of 1st period - Slapshot by Ivan Barbashev.
3:34 of 1st period - Shot Misses the Net.
3:36 of 1st period - Slapshot by Christopher Tanev.
3:36 of 1st period - Stopped by Pyotr Kochetkov with a rebound.
3:40 of 1st period - Wrist shot by Ivan Barbashev.
3:40 of 1st period - Stopped by Pyotr Kochetkov without a rebound.
3:41 of 1st period - Eetu Luostarinen wins face-off versus Morgan Geekie in Boston Bruins zone.
4:33 of 1st period - Snap shot by Alex Newhook.
4:33 of 1st period - Stopped by Logan Thompson with a rebound.
4:43 of 1st period - Ryan Strome is hit by Joseph Veleno and loses puck.
4:54 of 1st period - Wrist shot by Morgan Geekie.
4:54 of 1st period - Shot Misses the Net.
5:18 of 1st period - Slapshot by Joel Farabee.
5:18 of 1st period - Shot Blocked by Ivan Barbashev.
5:34 of 1st period - Wrist shot by Dylan Strome.
5:34 of 1st period - Stopped by Pyotr Kochetkov without a rebound.
5:35 of 1st period - Dylan Strome wins face-off versus Jack Studnicka in Boston Bruins zone.
5:38 of 1st period - Wrist shot by Dylan Strome.
5:38 of 1st period - Shot Misses the Net.
5:40 of 1st period - Snap shot by Sean Durzi.
5:40 of 1st period - Shot Blocked by Nick Perbix.
5:46 of 1st period - Wrist shot by Dylan Strome.
5:46 of 1st period - Shot Misses the Net.
5:48 of 1st period - Slapshot by Sean Durzi.
5:48 of 1st period - Stopped by Pyotr Kochetkov without a rebound.
5:49 of 1st period - Luke Kunin wins face-off versus Michael Rasmussen in Boston Bruins zone.
6:00 of 1st period - Backhand shot by Luke Kunin.
6:00 of 1st period - Stopped by Pyotr Kochetkov with a rebound.
6:02 of 1st period - Wrist shot by Luke Kunin.
6:02 of 1st period - Shot Misses the Net.
6:04 of 1st period - Wrist shot by Christian Dvorak.
6:04 of 1st period - Stopped by Pyotr Kochetkov without a rebound.
6:05 of 1st period - Adam Henrique wins face-off versus Alex Newhook in Boston Bruins zone.
6:35 of 1st period - Wrist shot by John-Jason Peterka.
6:35 of 1st period - Stopped by Logan Thompson without a rebound.
6:36 of 1st period - Dylan Strome wins face-off versus Michael Rasmussen in San Jose Sharks zone.
7:01 of 1st period - Wrist shot by Mike Hoffman.
7:01 of 1st period - Shot Misses the Net.
7:03 of 1st period - Slapshot by Dmitry Orlov.
7:03 of 1st period - Stopped by Pyotr Kochetkov without a rebound.
7:04 of 1st period - Christian Dvorak wins face-off versus Alex Newhook in Boston Bruins zone.
7:29 of 1st period - Adam Henrique is hit by Morgan Geekie and loses puck.
7:38 of 1st period - Snap shot by Rickard Rakell.
7:38 of 1st period - Stopped by Pyotr Kochetkov with a rebound.
8:27 of 1st period - Snap shot by Matthew Knies.
8:27 of 1st period - Shot Misses the Net.
8:29 of 1st period - Slapshot by Sean Durzi.
8:29 of 1st period - Deflect By Dylan Strome.
8:29 of 1st period - Shot Misses the Net.
8:29 of 1st period - Puck is out of play.
8:30 of 1st period - Adam Henrique wins face-off versus Alex Newhook in Boston Bruins zone.
8:41 of 1st period - Slapshot by Adam Henrique.
8:41 of 1st period - Shot Misses the Net.
8:43 of 1st period - Slapshot by Tobias Bjornfot.
8:43 of 1st period - Shot Misses the Net.
8:55 of 1st period - Frederick Gaudreau is hit by Morgan Geekie and loses puck.
9:22 of 1st period - Michael Rasmussen is hit by Joel Edmundson and loses puck.
10:14 of 1st period - Snap shot by Ryan Strome.
10:14 of 1st period - Shot Misses the Net.
11:05 of 1st period - Minor Penalty to Michael Kesselring for Roughing.
11:06 of 1st period - Dylan Strome wins face-off versus Anders Lee in Boston Bruins zone.
11:06 of 1st period - Snap shot by Eetu Luostarinen.
11:06 of 1st period - Shot Misses the Net.
11:08 of 1st period - Wrist shot by Dylan Strome.
11:08 of 1st period - Shot Blocked by Alex Vlasic.
12:10 of 1st period - Icing by Eetu Luostarinen.
12:11 of 1st period - Alex Newhook wins face-off versus Adam Henrique in San Jose Sharks zone.
12:26 of 1st period - Tyson Barrie is hit by Sean Durzi and loses puck.
12:59 of 1st period - Nick Perbix is hit by Ivan Barbashev and loses puck.
13:05 of 1st period - Penalty to Michael Kesselring is over, Michael Kesselring is back on ice.
13:07 of 1st period - Icing by Tyson Barrie.
13:08 of 1st period - Dylan Strome wins face-off versus Morgan Geekie in Boston Bruins zone.
14:40 of 1st period - Michael Rasmussen is hit by Ilya Mikheyev and loses puck.
14:55 of 1st period - Wrist shot by Ryan Strome.
14:55 of 1st period - Shot Blocked by Eetu Luostarinen.
14:57 of 1st period - Slapshot by Cam York.
14:57 of 1st period - Shot Misses the Net.
14:59 of 1st period - Wrist shot by Anders Lee.
14:59 of 1st period - Deflect By Matthew Knies.
14:59 of 1st period - Shot Blocked by Dylan Strome.
14:59 of 1st period - Puck is out of play.
15:00 of 1st period - Christian Dvorak wins face-off versus Alex Newhook in San Jose Sharks zone.
15:31 of 1st period - Snap shot by Dylan Strome.
15:31 of 1st period - Shot Misses the Net.
15:37 of 1st period - Minor Penalty to Michael Rasmussen for Tripping.
15:38 of 1st period - Rickard Rakell wins face-off versus Alex Newhook in Boston Bruins zone.
15:54 of 1st period - Snap shot by Rickard Rakell.
15:54 of 1st period - Stopped by Pyotr Kochetkov without a rebound.
15:55 of 1st period - Dylan Strome wins face-off versus Alex Newhook in Boston Bruins zone.
15:56 of 1st period - Snap shot by Eetu Luostarinen.
15:56 of 1st period - Shot Misses the Net.
16:08 of 1st period - Wrist shot by Anders Lee.
16:08 of 1st period - Stopped by Logan Thompson with a rebound.
16:10 of 1st period - Slapshot by Alex Vlasic.
16:10 of 1st period - Stopped by Logan Thompson with a rebound.
16:12 of 1st period - Snap shot by Joel Farabee.
16:12 of 1st period - Stopped by Logan Thompson with a rebound.
16:14 of 1st period - Wrist shot by Anders Lee.
16:14 of 1st period - Stopped by Logan Thompson without a rebound.
16:15 of 1st period - Alex Newhook wins face-off versus Adam Henrique in San Jose Sharks zone.
16:45 of 1st period - Joel Farabee is hit by Christopher Tanev and loses puck.
16:50 of 1st period - Backhand shot by Dylan Strome.
16:50 of 1st period - Shot Misses the Net.
17:37 of 1st period - Penalty to Michael Rasmussen is over, Michael Rasmussen is back on ice.
17:40 of 1st period - Wrist shot by John-Jason Peterka.
17:40 of 1st period - Shot Blocked by Christopher Tanev.
18:30 of 1st period - Simon Nemec is hit by John-Jason Peterka and loses puck.
Goals for this period are 1 for Boston Bruins vs 0 for San Jose Sharks.
Shots for this period are 8 for Boston Bruins vs 10 for San Jose Sharks.
2nd period
0:01 of 2nd period - Alex Newhook wins face-off versus Adam Henrique in neutral zone.
0:48 of 2nd period - Cam York is hit by Dylan Strome and loses puck.
0:59 of 2nd period - Snap shot by Joel Farabee.
0:59 of 2nd period - Shot Misses the Net.
1:30 of 2nd period - Wrist shot by Drew O'Connor.
1:30 of 2nd period - Stopped by Logan Thompson with a rebound.
1:45 of 2nd period - Off-side.
1:46 of 2nd period - Dylan Strome wins face-off versus Morgan Geekie in neutral zone.
1:55 of 2nd period - Wrist shot by John-Jason Peterka.
1:55 of 2nd period - Shot Blocked by Dylan Strome.
1:57 of 2nd period - Slapshot by Tyson Barrie.
1:57 of 2nd period - Stopped by Logan Thompson without a rebound.
1:58 of 2nd period - Adam Henrique wins face-off versus Alex Newhook in San Jose Sharks zone.
2:13 of 2nd period - Wrist shot by Alex Newhook.
2:13 of 2nd period - Stopped by Logan Thompson without a rebound.
2:14 of 2nd period - Christian Dvorak wins face-off versus Michael Rasmussen in San Jose Sharks zone.
2:22 of 2nd period - Icing by Tyson Barrie.
2:23 of 2nd period - Christian Dvorak wins face-off versus Michael Rasmussen in Boston Bruins zone.
2:32 of 2nd period - Wrist shot by Christian Dvorak.
2:32 of 2nd period - Stopped by Pyotr Kochetkov with a rebound.
2:34 of 2nd period - Slapshot by Christian Dvorak.
2:34 of 2nd period - Shot Misses the Net.
2:36 of 2nd period - Slapshot by Christopher Tanev.
2:36 of 2nd period - Deflect By Christian Dvorak.
2:36 of 2nd period - Shot Blocked by Joel Farabee.
2:36 of 2nd period - Puck is out of play.
2:37 of 2nd period - Alex Newhook wins face-off versus Dylan Strome in Boston Bruins zone.
2:46 of 2nd period - Snap shot by Alex Newhook.
2:46 of 2nd period - Shot Misses the Net.
3:02 of 2nd period - Ivan Barbashev is hit by Alex Vlasic and loses puck.
4:00 of 2nd period - Slapshot by Sean Durzi.
4:00 of 2nd period - Shot Blocked by Michael Rasmussen.
4:04 of 2nd period - Wrist shot by Dylan Strome.
4:04 of 2nd period - Shot Misses the Net.
4:06 of 2nd period - Slapshot by Matthew Knies.
4:06 of 2nd period - Shot Misses the Net.
4:08 of 2nd period - Wrist shot by Sean Durzi.
4:08 of 2nd period - Deflect By Dylan Strome.
4:08 of 2nd period - Stopped by Pyotr Kochetkov without a rebound.
4:09 of 2nd period - Adam Henrique wins face-off versus Morgan Geekie in Boston Bruins zone.
4:17 of 2nd period - Minor Penalty to John-Jason Peterka for Goalie Interference.
4:18 of 2nd period - Alex Newhook wins face-off versus Adam Henrique in Boston Bruins zone.
4:57 of 2nd period - Icing by Joel Edmundson.
4:58 of 2nd period - Dylan Strome wins face-off versus Alex Newhook in San Jose Sharks zone.
5:05 of 2nd period - Ryan Strome is hit by Eetu Luostarinen and loses puck.
5:10 of 2nd period - Wrist shot by Dylan Strome.
5:10 of 2nd period - Shot Misses the Net.
5:12 of 2nd period - Wrist shot by Dylan Strome.
5:12 of 2nd period - Stopped by Pyotr Kochetkov without a rebound.
5:13 of 2nd period - Adam Henrique wins face-off versus Joel Farabee in Boston Bruins zone.
5:45 of 2nd period - Icing by Joel Edmundson.
5:46 of 2nd period - Dylan Strome wins face-off versus Alex Newhook in San Jose Sharks zone.
6:12 of 2nd period - Minor Penalty to Joel Edmundson for Interference.
6:13 of 2nd period - Alex Newhook wins face-off versus Adam Henrique in San Jose Sharks zone.
6:14 of 2nd period - Slapshot by Ryan Strome.
6:14 of 2nd period - Shot Blocked by Christopher Tanev.
6:16 of 2nd period - Wrist shot by Alex Newhook.
6:16 of 2nd period - Shot Blocked by Sean Durzi.
6:17 of 2nd period - Penalty to John-Jason Peterka is over, John-Jason Peterka is back on ice.
6:18 of 2nd period - Slapshot by Alex Vlasic.
6:18 of 2nd period - Stopped by Logan Thompson without a rebound.
6:19 of 2nd period - Adam Henrique wins face-off versus Michael Rasmussen in San Jose Sharks zone.
6:32 of 2nd period - Snap shot by Joel Farabee.
6:32 of 2nd period - Shot Misses the Net.
6:34 of 2nd period - Slapshot by Tyson Barrie.
6:34 of 2nd period - Deflect By Joel Farabee.
6:34 of 2nd period - Shot Misses the Net.
6:34 of 2nd period - Puck is out of play.
6:35 of 2nd period - Alex Newhook wins face-off versus Rickard Rakell in San Jose Sharks zone.
6:46 of 2nd period - Snap shot by Alex Newhook.
6:46 of 2nd period - Stopped by Logan Thompson without a rebound.
6:47 of 2nd period - Adam Henrique wins face-off versus Alex Newhook in San Jose Sharks zone.
7:15 of 2nd period - Adam Henrique is hit by Ryan Strome and loses puck.
7:28 of 2nd period - Slapshot by Ryan Strome.
7:28 of 2nd period - Stopped by Logan Thompson with a rebound.
7:30 of 2nd period - Snap shot by Cam York.
7:30 of 2nd period - Shot Misses the Net.
7:32 of 2nd period - Slapshot by Cam York.
7:32 of 2nd period - Deflect By Alex Newhook.
7:32 of 2nd period - Shot Misses the Net.
7:32 of 2nd period - Puck is out of play.
7:33 of 2nd period - Michael Rasmussen wins face-off versus Rickard Rakell in San Jose Sharks zone.
8:12 of 2nd period - Penalty to Joel Edmundson is over, Joel Edmundson is back on ice.
8:32 of 2nd period - Dylan Strome is hit by Morgan Geekie.
8:52 of 2nd period - Slapshot by Christian Dvorak.
8:52 of 2nd period - Stopped by Pyotr Kochetkov without a rebound.
8:53 of 2nd period - Michael Rasmussen wins face-off versus Christian Dvorak in Boston Bruins zone.
9:02 of 2nd period - Snap shot by Joel Farabee.
9:02 of 2nd period - Stopped by Logan Thompson without a rebound.
9:03 of 2nd period - Christian Dvorak wins face-off versus Michael Rasmussen in San Jose Sharks zone.
9:16 of 2nd period - Slapshot by Sean Durzi.
9:16 of 2nd period - Stopped by Pyotr Kochetkov with a rebound.
9:18 of 2nd period - Minor Penalty to Tyson Barrie for Interference.
9:19 of 2nd period - Alex Newhook wins face-off versus Adam Henrique in Boston Bruins zone.
10:10 of 2nd period - Snap shot by Adam Henrique.
10:10 of 2nd period - Shot Blocked by Cam York.
10:12 of 2nd period - Slapshot by Sean Durzi.
10:12 of 2nd period - Deflect By Alex Newhook.
10:12 of 2nd period - Stopped by Pyotr Kochetkov without a rebound.
10:13 of 2nd period - Joel Farabee wins face-off versus Dylan Strome in Boston Bruins zone.
11:18 of 2nd period - Penalty to Tyson Barrie is over, Tyson Barrie is back on ice.
12:00 of 2nd period - Snap shot by Christian Dvorak.
12:00 of 2nd period - Shot Blocked by Matt Grzelcyk.
12:24 of 2nd period - Snap shot by Morgan Geekie.
12:24 of 2nd period - Shot Hit the Post.
12:26 of 2nd period - Snap shot by John-Jason Peterka.
12:26 of 2nd period - Stopped by Logan Thompson without a rebound.
12:27 of 2nd period - Dylan Strome wins face-off versus Morgan Geekie in San Jose Sharks zone.
12:27 of 2nd period - Dylan Strome is hit by Morgan Geekie.
12:42 of 2nd period - Off-side.
12:43 of 2nd period - Alex Newhook wins face-off versus Adam Henrique in neutral zone.
12:48 of 2nd period - Sean Durzi is hit by Anders Lee and loses puck.
13:26 of 2nd period - Snap shot by Eetu Luostarinen.
13:26 of 2nd period - Stopped by Pyotr Kochetkov with a rebound.
13:32 of 2nd period - Wrist shot by Mike Hoffman.
13:32 of 2nd period - Shot Blocked by Morgan Geekie.
13:34 of 2nd period - Slapshot by Dmitry Orlov.
13:34 of 2nd period - Stopped by Pyotr Kochetkov with a rebound.
13:36 of 2nd period - Slapshot by Dmitry Orlov.
13:36 of 2nd period - Stopped by Pyotr Kochetkov without a rebound.
13:37 of 2nd period - Adam Henrique wins face-off versus Anders Lee in Boston Bruins zone.
13:45 of 2nd period - Tyson Barrie is hit by Joel Edmundson and loses puck.
13:58 of 2nd period - Minor Penalty to Ivan Barbashev for Tripping.
13:59 of 2nd period - Rickard Rakell wins face-off versus Michael Rasmussen in San Jose Sharks zone.
13:59 of 2nd period - Rickard Rakell is hit by Tyson Barrie.
14:25 of 2nd period - Sean Durzi is hit by Anders Lee and loses puck.
15:58 of 2nd period - Penalty to Ivan Barbashev is over, Ivan Barbashev is back on ice.
15:58 of 2nd period - Ryan Strome is hit by Sean Durzi and loses puck.
16:21 of 2nd period - Minor Penalty to Matt Grzelcyk for Holding.
16:22 of 2nd period - Joel Farabee wins face-off versus Luke Kunin in Boston Bruins zone.
17:45 of 2nd period - Cam York is hit by Ivan Barbashev and loses puck.
18:12 of 2nd period - Luke Kunin is hit by Michael Rasmussen and loses puck.
18:21 of 2nd period - Penalty to Matt Grzelcyk is over, Matt Grzelcyk is back on ice.
Goals for this period are 0 for Boston Bruins vs 0 for San Jose Sharks.
Shots for this period are 8 for Boston Bruins vs 9 for San Jose Sharks.
3rd period
0:01 of 3rd period - Dylan Strome wins face-off versus Alex Newhook in neutral zone.
0:13 of 3rd period - Minor Penalty to Tyson Barrie for Interference.
0:14 of 3rd period - Adam Henrique wins face-off versus Alex Newhook in Boston Bruins zone.
0:18 of 3rd period - Wrist shot by Rickard Rakell.
0:18 of 3rd period - Shot Misses the Net.
0:20 of 3rd period - Snap shot by Dmitry Orlov.
0:20 of 3rd period - Stopped by Pyotr Kochetkov with a rebound.
0:22 of 3rd period - Snap shot by Rickard Rakell.
0:22 of 3rd period - Goal by Rickard Rakell - Boston Bruins : 1 - San Jose Sharks : 1.
0:23 of 3rd period - Dylan Strome wins face-off versus Alex Newhook in neutral zone.
1:14 of 3rd period - Snap shot by Mike Hoffman.
1:14 of 3rd period - Shot Misses the Net.
1:34 of 3rd period - Snap shot by Ilya Mikheyev.
1:34 of 3rd period - Shot Misses the Net.
1:36 of 3rd period - Slapshot by Simon Nemec.
1:36 of 3rd period - Stopped by Pyotr Kochetkov without a rebound.
1:37 of 3rd period - Frederick Gaudreau wins face-off versus Alex Newhook in Boston Bruins zone.
1:38 of 3rd period - Wrist shot by Joseph Veleno.
1:38 of 3rd period - Shot Misses the Net.
2:58 of 3rd period - Wrist shot by Alex Newhook.
2:58 of 3rd period - Goal by Alex Newhook - Boston Bruins : 2 - San Jose Sharks : 1.
2:59 of 3rd period - Alex Newhook wins face-off versus Dylan Strome in neutral zone.
3:02 of 3rd period - Dylan Strome is hit by Anders Lee and loses puck.
3:13 of 3rd period - Slapshot by Anders Lee.
3:13 of 3rd period - Stopped by Logan Thompson with a rebound.
3:15 of 3rd period - Wrist shot by Alex Newhook.
3:15 of 3rd period - Stopped by Logan Thompson without a rebound.
3:16 of 3rd period - Adam Henrique wins face-off versus Michael Rasmussen in San Jose Sharks zone.
3:29 of 3rd period - Wrist shot by Ivan Barbashev.
3:29 of 3rd period - Stopped by Pyotr Kochetkov with a rebound.
4:28 of 3rd period - Snap shot by Drew O'Connor.
4:28 of 3rd period - Stopped by Logan Thompson without a rebound.
4:29 of 3rd period - Michael Rasmussen wins face-off versus Frederick Gaudreau in San Jose Sharks zone.
4:30 of 3rd period - Snap shot by Joel Farabee.
4:30 of 3rd period - Stopped by Logan Thompson with a rebound.
4:42 of 3rd period - Snap shot by Ilya Mikheyev.
4:42 of 3rd period - Shot Misses the Net.
5:03 of 3rd period - Snap shot by Eetu Luostarinen.
5:03 of 3rd period - Stopped by Pyotr Kochetkov without a rebound.
5:04 of 3rd period - Alex Newhook wins face-off versus Adam Henrique in Boston Bruins zone.
5:04 of 3rd period - Alex Newhook is hit by Christopher Tanev.
5:16 of 3rd period - Snap shot by Ryan Strome.
5:16 of 3rd period - Stopped by Logan Thompson without a rebound.
5:17 of 3rd period - Dylan Strome wins face-off versus Ryan Strome in San Jose Sharks zone.
5:19 of 3rd period - Minor Penalty to Christopher Tanev for Tripping.
5:20 of 3rd period - Adam Henrique wins face-off versus Michael Rasmussen in San Jose Sharks zone.
5:53 of 3rd period - Slapshot by Alex Newhook.
5:53 of 3rd period - Shot Misses the Net.
5:55 of 3rd period - Slapshot by Tyson Barrie.
5:55 of 3rd period - Shot Blocked by Dmitry Orlov.
7:14 of 3rd period - Alex Vlasic is hit by Joseph Veleno and loses puck.
7:19 of 3rd period - Penalty to Christopher Tanev is over, Christopher Tanev is back on ice.
7:40 of 3rd period - Wrist shot by Anthony Beauvillier.
7:40 of 3rd period - Shot Misses the Net.
7:46 of 3rd period - Anthony Beauvillier is hit by Mike Hoffman and loses puck.
8:01 of 3rd period - Wrist shot by Sean Durzi.
8:01 of 3rd period - Shot Blocked by Jack Studnicka.
8:16 of 3rd period - Icing by Ilya Mikheyev.
8:17 of 3rd period - Frederick Gaudreau wins face-off versus Angus Crookshank in San Jose Sharks zone.
8:31 of 3rd period - Wrist shot by Adam Henrique.
8:31 of 3rd period - Stopped by Pyotr Kochetkov without a rebound.
8:32 of 3rd period - Dylan Strome wins face-off versus Michael Rasmussen in Boston Bruins zone.
8:33 of 3rd period - Snap shot by Matthew Knies.
8:33 of 3rd period - Stopped by Pyotr Kochetkov with a rebound.
8:43 of 3rd period - Wrist shot by Drew O'Connor.
8:43 of 3rd period - Stopped by Logan Thompson without a rebound.
8:44 of 3rd period - Alex Newhook wins face-off versus Adam Henrique in San Jose Sharks zone.
8:45 of 3rd period - Wrist shot by Ryan Strome.
8:45 of 3rd period - Stopped by Logan Thompson with a rebound.
8:59 of 3rd period - Slapshot by Rickard Rakell.
8:59 of 3rd period - Shot Misses the Net.
9:09 of 3rd period - Cam York is hit by Matthew Knies.
9:19 of 3rd period - Snap shot by Joel Farabee.
9:19 of 3rd period - Stopped by Logan Thompson without a rebound.
9:20 of 3rd period - Alex Newhook wins face-off versus Adam Henrique in San Jose Sharks zone.
9:33 of 3rd period - Wrist shot by Adam Henrique.
9:33 of 3rd period - Shot Misses the Net.
9:51 of 3rd period - Snap shot by Joel Farabee.
9:51 of 3rd period - Shot Misses the Net.
9:53 of 3rd period - Slapshot by Nick Perbix.
9:53 of 3rd period - Stopped by Logan Thompson with a rebound.
10:07 of 3rd period - Wrist shot by Mike Hoffman.
10:07 of 3rd period - Stopped by Pyotr Kochetkov without a rebound.
10:08 of 3rd period - Christian Dvorak wins face-off versus Morgan Geekie in Boston Bruins zone.
10:11 of 3rd period - Wrist shot by Mike Hoffman.
10:11 of 3rd period - Shot Misses the Net.
11:03 of 3rd period - Wrist shot by Dylan Strome.
11:03 of 3rd period - Shot Misses the Net.
11:28 of 3rd period - Wrist shot by Ilya Mikheyev.
11:28 of 3rd period - Stopped by Pyotr Kochetkov without a rebound.
11:29 of 3rd period - Alex Newhook wins face-off versus Rickard Rakell in Boston Bruins zone.
11:41 of 3rd period - Snap shot by Rickard Rakell.
11:41 of 3rd period - Shot Misses the Net.
11:43 of 3rd period - Slapshot by Joel Edmundson.
11:43 of 3rd period - Stopped by Pyotr Kochetkov without a rebound.
11:44 of 3rd period - Dylan Strome wins face-off versus Joel Farabee in Boston Bruins zone.
11:53 of 3rd period - Snap shot by Matthew Knies.
11:53 of 3rd period - Goal by Matthew Knies - Boston Bruins : 2 - San Jose Sharks : 2.
11:54 of 3rd period - Alex Newhook wins face-off versus Adam Henrique in neutral zone.
11:56 of 3rd period - Minor Penalty to Ryan Strome for Hooking.
11:57 of 3rd period - Adam Henrique wins face-off versus Alex Newhook in Boston Bruins zone.
12:01 of 3rd period - Slapshot by Ivan Barbashev.
12:01 of 3rd period - Stopped by Pyotr Kochetkov without a rebound.
12:02 of 3rd period - Alex Newhook wins face-off versus Adam Henrique in Boston Bruins zone.
12:02 of 3rd period - Alex Newhook is hit by Adam Henrique.
12:36 of 3rd period - Slapshot by Luke Kunin.
12:36 of 3rd period - Shot Misses the Net.
13:04 of 3rd period - Backhand shot by Anders Lee.
13:04 of 3rd period - Stopped by Logan Thompson with a rebound.
13:16 of 3rd period - Ivan Barbashev is hit by Nick Perbix and loses puck.
13:56 of 3rd period - Penalty to Ryan Strome is over, Ryan Strome is back on ice.
14:19 of 3rd period - Wrist shot by Joel Farabee.
14:19 of 3rd period - Stopped by Logan Thompson with a rebound.
14:38 of 3rd period - Minor Penalty to Cam York for Roughing.
14:39 of 3rd period - Dylan Strome wins face-off versus Joel Farabee in Boston Bruins zone.
16:38 of 3rd period - Penalty to Cam York is over, Cam York is back on ice.
16:45 of 3rd period - Wrist shot by Matthew Knies.
16:45 of 3rd period - Stopped by Pyotr Kochetkov with a rebound.
17:01 of 3rd period - Slapshot by Ryan Strome.
17:01 of 3rd period - Shot Misses the Net.
17:03 of 3rd period - Wrist shot by Ryan Strome.
17:03 of 3rd period - Stopped by Logan Thompson without a rebound.
17:04 of 3rd period - Dylan Strome wins face-off versus Morgan Geekie in San Jose Sharks zone.
17:30 of 3rd period - Icing by Rickard Rakell.
17:31 of 3rd period - Ilya Mikheyev wins face-off versus Morgan Geekie in San Jose Sharks zone.
17:41 of 3rd period - Minor Penalty to Michael Kesselring for Interference.
17:42 of 3rd period - Joel Farabee wins face-off versus Adam Henrique in Boston Bruins zone.
17:42 of 3rd period - Joel Farabee is hit by Dmitry Orlov.
18:11 of 3rd period - Joel Edmundson is hit by Cam York and loses puck.
18:21 of 3rd period - Slapshot by Dmitry Orlov.
18:21 of 3rd period - Stopped by Pyotr Kochetkov without a rebound.
18:22 of 3rd period - Alex Newhook wins face-off versus Dylan Strome in Boston Bruins zone.
18:31 of 3rd period - Slapshot by Dylan Strome.
18:31 of 3rd period - Stopped by Pyotr Kochetkov without a rebound.
18:32 of 3rd period - Joel Farabee wins face-off versus Eetu Luostarinen in Boston Bruins zone.
18:51 of 3rd period - Wrist shot by Dylan Strome.
18:51 of 3rd period - Shot Misses the Net.
19:05 of 3rd period - Snap shot by Joel Farabee.
19:05 of 3rd period - Shot Misses the Net.
19:07 of 3rd period - Slapshot by Alex Vlasic.
19:07 of 3rd period - Deflect By Joel Farabee.
19:07 of 3rd period - Stopped by Logan Thompson with a rebound.
19:09 of 3rd period - Slapshot by Alex Vlasic.
19:09 of 3rd period - Shot Blocked by Rickard Rakell.
19:11 of 3rd period - Wrist shot by Joel Farabee.
19:11 of 3rd period - Stopped by Logan Thompson without a rebound.
19:12 of 3rd period - Anders Lee wins face-off versus Adam Henrique in San Jose Sharks zone.
19:19 of 3rd period - Wrist shot by Dmitry Orlov.
19:19 of 3rd period - Shot Misses the Net.
19:21 of 3rd period - Snap shot by Ivan Barbashev.
19:21 of 3rd period - Stopped by Pyotr Kochetkov without a rebound.
19:22 of 3rd period - Joel Farabee wins face-off versus Adam Henrique in Boston Bruins zone.
19:22 of 3rd period - Joel Farabee is hit by Dmitry Orlov.
19:38 of 3rd period - Snap shot by Rickard Rakell.
19:38 of 3rd period - Stopped by Pyotr Kochetkov with a rebound.
19:40 of 3rd period - Snap shot by Joel Edmundson.
19:40 of 3rd period - Shot Misses the Net.
19:41 of 3rd period - Penalty to Michael Kesselring is over, Michael Kesselring is back on ice.
Goals for this period are 1 for Boston Bruins vs 2 for San Jose Sharks.
Shots for this period are 15 for Boston Bruins vs 17 for San Jose Sharks.
Overtime #1
0:01 of 1st overtime period - Joel Farabee wins face-off versus Rickard Rakell in neutral zone.
0:10 of 1st overtime period - Snap shot by Anders Lee.
0:10 of 1st overtime period - Deflect By Joel Farabee.
0:10 of 1st overtime period - Shot Blocked by Simon Nemec.
0:10 of 1st overtime period - Puck is out of play.
0:11 of 1st overtime period - Alex Newhook wins face-off versus Adam Henrique in San Jose Sharks zone.
0:14 of 1st overtime period - Snap shot by Ryan Strome.
0:14 of 1st overtime period - Shot Misses the Net.
0:16 of 1st overtime period - Slapshot by Cam York.
0:16 of 1st overtime period - Shot Misses the Net.
0:20 of 1st overtime period - Snap shot by Alex Newhook.
0:20 of 1st overtime period - Shot Misses the Net.
0:22 of 1st overtime period - Slapshot by Alex Vlasic.
0:22 of 1st overtime period - Shot Blocked by Christopher Tanev.
0:24 of 1st overtime period - Slapshot by Cam York.
0:24 of 1st overtime period - Shot Blocked by Dylan Strome.
0:26 of 1st overtime period - Slapshot by Alex Vlasic.
0:26 of 1st overtime period - Shot Misses the Net.
0:47 of 1st overtime period - Slapshot by Sean Durzi.
0:47 of 1st overtime period - Stopped by Pyotr Kochetkov without a rebound.
0:48 of 1st overtime period - Alex Newhook wins face-off versus Rickard Rakell in Boston Bruins zone.
0:59 of 1st overtime period - Wrist shot by Alex Newhook.
0:59 of 1st overtime period - Shot Misses the Net.
1:01 of 1st overtime period - Wrist shot by Ryan Strome.
1:01 of 1st overtime period - Stopped by Logan Thompson without a rebound.
1:02 of 1st overtime period - Adam Henrique wins face-off versus Joel Farabee in San Jose Sharks zone.
2:17 of 1st overtime period - Rickard Rakell is hit by Nick Perbix.
2:25 of 1st overtime period - Tyson Barrie is hit by Ivan Barbashev and loses puck.
3:00 of 1st overtime period - Dmitry Orlov is hit by Morgan Geekie and loses puck.
3:27 of 1st overtime period - Anders Lee is hit by Simon Nemec and loses puck.
4:38 of 1st overtime period - Joel Edmundson is hit by Morgan Geekie and loses puck.
4:57 of 1st overtime period - Adam Henrique is hit by Nick Perbix and loses puck.
Goals for this period are 0 for Boston Bruins vs 0 for San Jose Sharks.
Shots for this period are 1 for Boston Bruins vs 1 for San Jose Sharks.
ShootOut
5:00 of 1st overtime period - Round #1.
5:00 of 1st overtime period - Boston Bruins, Alex Newhook.
5:00 of 1st overtime period - Snap shot by Alex Newhook.
5:00 of 1st overtime period - Stopped by Logan Thompson.
5:00 of 1st overtime period - San Jose Sharks, Adam Henrique.
5:00 of 1st overtime period - Wrist shot by Adam Henrique.
5:00 of 1st overtime period - Stopped by Pyotr Kochetkov.
5:00 of 1st overtime period - Round #2.
5:00 of 1st overtime period - Boston Bruins, Ryan Strome.
5:00 of 1st overtime period - Snap shot by Ryan Strome.
5:00 of 1st overtime period - Stopped by Logan Thompson.
5:00 of 1st overtime period - San Jose Sharks, Dylan Strome.
5:00 of 1st overtime period - Wrist shot by Dylan Strome.
5:00 of 1st overtime period - Goal by Dylan Strome.
5:00 of 1st overtime period - Round #3.
5:00 of 1st overtime period - Boston Bruins, Joel Farabee.
5:00 of 1st overtime period - Deke by Joel Farabee.
5:00 of 1st overtime period - Goal by Joel Farabee.
5:00 of 1st overtime period - San Jose Sharks, Rickard Rakell.
5:00 of 1st overtime period - Backhand shot by Rickard Rakell.
5:00 of 1st overtime period - Stopped by Pyotr Kochetkov.
5:00 of 1st overtime period - Round #4.
5:00 of 1st overtime period - Boston Bruins, Anders Lee.
5:00 of 1st overtime period - Wrist shot by Anders Lee.
5:00 of 1st overtime period - Stopped by Logan Thompson.
5:00 of 1st overtime period - San Jose Sharks, Ivan Barbashev.
5:00 of 1st overtime period - Deke by Ivan Barbashev.
5:00 of 1st overtime period - Shot Misses the Net.
5:00 of 1st overtime period - Round #5.
5:00 of 1st overtime period - Boston Bruins, Michael Rasmussen.
5:00 of 1st overtime period - Deke by Michael Rasmussen.
5:00 of 1st overtime period - Shot Misses the Net.
5:00 of 1st overtime period - San Jose Sharks, Eetu Luostarinen.
5:00 of 1st overtime period - Snap shot by Eetu Luostarinen.
5:00 of 1st overtime period - Shot Misses the Net.
5:00 of 1st overtime period - Round #6.
5:00 of 1st overtime period - Boston Bruins, Aatu Raty.
5:00 of 1st overtime period - Snap shot by Aatu Raty.
5:00 of 1st overtime period - Stopped by Logan Thompson.
5:00 of 1st overtime period - San Jose Sharks, Frederick Gaudreau.
5:00 of 1st overtime period - Wrist shot by Frederick Gaudreau.
5:00 of 1st overtime period - Stopped by Pyotr Kochetkov.
5:00 of 1st overtime period - Round #7.
5:00 of 1st overtime period - Boston Bruins, Anthony Beauvillier.
5:00 of 1st overtime period - Wrist shot by Anthony Beauvillier.
5:00 of 1st overtime period - Shot Misses the Net.
5:00 of 1st overtime period - San Jose Sharks, Christian Dvorak.
5:00 of 1st overtime period - Deke by Christian Dvorak.
5:00 of 1st overtime period - Stopped by Pyotr Kochetkov.
5:00 of 1st overtime period - Round #8.
5:00 of 1st overtime period - Boston Bruins, Tyson Barrie.
5:00 of 1st overtime period - Wrist shot by Tyson Barrie.
5:00 of 1st overtime period - Goal by Tyson Barrie.
5:00 of 1st overtime period - San Jose Sharks, Tobias Bjornfot.
5:00 of 1st overtime period - Wrist shot by Tobias Bjornfot.
5:00 of 1st overtime period - Goal by Tobias Bjornfot.
5:00 of 1st overtime period - Round #9.
5:00 of 1st overtime period - Boston Bruins, Jack Studnicka.
5:00 of 1st overtime period - Wrist shot by Jack Studnicka.
5:00 of 1st overtime period - Stopped by Logan Thompson.
5:00 of 1st overtime period - San Jose Sharks, Mike Hoffman.
5:00 of 1st overtime period - Wrist shot by Mike Hoffman.
5:00 of 1st overtime period - Stopped by Pyotr Kochetkov.
5:00 of 1st overtime period - Round #10.
5:00 of 1st overtime period - Boston Bruins, Morgan Geekie.
5:00 of 1st overtime period - Backhand shot by Morgan Geekie.
5:00 of 1st overtime period - Stopped by Logan Thompson.
5:00 of 1st overtime period - San Jose Sharks, Christopher Tanev.
5:00 of 1st overtime period - Deke by Christopher Tanev.
5:00 of 1st overtime period - Goal by Christopher Tanev.
Back to the Top